 Dungeon Crawl Stone Soup version 0.30.0-10-gfe55d96785 (webtiles) character file.

Game seed: 879559566755641495

22 sasquatch the Insei (level 2, -8/16 HPs)
             Began as a Vine Stalker Monk on May 15, 2023.
             Mangled by an iguana (13 damage)
             ... on level 2 of the Dungeon.
             The game lasted 00:01:26 (968 turns).

sasquatch the Insei (Vine Stalker Monk)              Turns: 968, Time: 00:01:27

Health: -8/16      AC:  3    Str: 13    XL:     2   Next: 91%
Magic:  0/3        EV: 12    Int: 10    God:
Gold:   21         SH:  0    Dex: 16    Spells: 1/1 levels left

rFire   . .          .
                       - Unarmed
rCold   . . .        c - orb {light}
rNeg    . . .        f - +0 robe
rPois   .            (no helmet)
rElec   .            (no cloak)
rCorr   .            g - +0 pair of gloves
SInv    .            (no boots)
Will    .....        (no amulet)
Stlth   +            (no ring)
HPRegen 0.22/turn    (no ring)
MPRegen 0.08/turn

%: guardian spirit
@: glowing
A: fangs 2, magic shield, antimagic bite, no potion heal 2
a: no special abilities


You were on level 2 of the Dungeon.
You visited 1 branch of the dungeon, and saw 2 of its levels.

You collected 21 gold pieces.

Inventory:

Hand Weapons
 a - a +0 sling
Armour
 c - an orb of light (worn)
 f - a +0 robe (worn)
 g - a +0 pair of gloves (worn)
Jewellery
 j - an amulet of faith
Scrolls
 d - a scroll of identify {unknown}
 e - a scroll of fog {unknown}
Potions
 b - a potion of ambrosia
 h - a potion of heal wounds {unknown}
 i - a potion of invisibility {unknown}


   Skills:
 - Level 2.8 Fighting
 - Level 2.5 Dodging
 + Level 3.8 Unarmed Combat


You had one spell level left.
You didn't know any spells.
Your spell library was empty.

Dungeon Overview and Level Annotations

Branches:
Dungeon (2/15)

Altars:


Innate Abilities, Weirdness & Mutations

You have extremely sharp teeth.
When hurt, damage is shared between your health and your magic reserves.
Your bite disrupts and absorbs the magic of your enemies.
Potions cannot restore your health.


Message History

A ball python comes into view.
The ball python hisses angrily.
You shoot a sling bullet. The sling bullet hits the ball python.
You kill the ball python!
No target in view!
Found a stone staircase leading down.
Found an escape hatch in the floor.
Found 2 boomerangs.
Done exploring.
Done exploring.
There is a stone staircase leading down here.
You climb downwards.
There is a stone staircase leading up here.
There is a stone staircase leading up here.
j - an amulet of faith You now have 21 gold pieces (gained 8).
Found a stone staircase leading up.
Found a leather armour.
Found a stone staircase leading down.
Found 9 stones.
An iguana comes into view.
The iguana hisses angrily.
There is a stone staircase leading down here.
There is a stone staircase leading up here.
You shoot a sling bullet.
The sling bullet hits the iguana but does no damage.
You are now empty-handed.
You hit the iguana. You bite the iguana, but do no damage.
The iguana is moderately wounded.
The iguana bites you!
You hit the iguana.
The iguana is heavily wounded.
The iguana bites you.
* * * LOW HITPOINT WARNING * * *
You are too injured to fight recklessly!
You hit the iguana but do no damage. Your bite misses the iguana.
The iguana is heavily wounded.
The iguana bites you!
Ouch! That really hurt!
You die...

#..# #....(......
#..####.##########
#..##.....##
#..#...[...##
#..>.#####..#
#######.#.# #..#
..........# #..#
.######l..# #.##
#@..#####.#
#.........#
....###.#### ##..#
#.# ...# #.# ##.#
#.# .# #.#
#.###.######
#........<.#


You could see an iguana.

Vanquished Creatures
  A dart slug (D:1)
  4 ball pythons (D:1)
  3 bats (D:1)
  3 goblins (D:1)
  A hobgoblin (D:1)
  2 quokkas (D:1)
  A frilled lizard (D:1)
  3 kobolds (D:1)
18 creatures vanquished.

Notes
Turn   | Place    | Note
-------+----------+-------------------------------------------
     0 | D:1      | sasquatch the Vine Stalker Monk began the quest for the
                  | Orb.
     0 | D:1      | Reached XP level 1. HP: 11/11 MP: 2/2
    92 | D:1      | Reached XP level 2. HP: 6/16 MP: 1/3
   968 | D:2      | Mangled by an iguana

Illustrated notes

Levels and vault maps discovered:
D:1:      evilmike_arrival_hilbert_curve, layout_basic, serial_glass,
          glass_columns_a, glass_columns_c, chequers_mini_garden,
          minmay_indecisive_spiral
D:2:      layout_loops_ring

Action                     || total
---------------------------++-------
  Melee: Unarmed           ||    19
         Bite              ||     4
   Fire: Sling             ||    21
 Armour: Robe              ||     3
  Dodge: Dodged            ||    10
